 Dungeon Sprint DCSS version 0.22.1-2-g9c5b331 (webtiles) character file.

100 diana the Covert (level 4, -7/33 HPs)
             Began as a Spriggan Assassin on Dec 21, 2018.
             Mangled by a water elemental (20 damage)
             ... in the Dungeon (Sprint III: "The Ten Rune Challenge").
             The game lasted 00:01:06 (89 turns).

diana the Covert (Spriggan Assassin)                  Turns: 89, Time: 00:01:07

Health: -7/33      AC:  4    Str: 12    XL:     4   Next: 47%
Magic:  5/5        EV: 17    Int: 12    God:
Gold:   15         SH:  0    Dex: 18    Spells: 3/3 levels left

rFire    + . .     SeeInvis +   a - +2 dagger
rCold    . . .     Gourm    .   (shield restricted)
rNeg     . . .     Faith    .   c - +0 robe
rPois    .         Spirit   .   (helmet restricted)
rElec    .         Reflect  .   d - +0 cloak
rCorr    .         Harm     .   (gloves unavailable)
MR       .....     NoTele   +   (boots unavailable)
Stlth    ..........             (no amulet)
HPRegen  0.11/turn              (no ring)
MPRegen  0.09/turn              (no ring)

@: berserking, very quick
A: very small, unfitting armour, rugged brown scales 1, see invisible, fire
resistance 1, herbivore, speed 3, slow metabolism 2
a: no special abilities


You were in the Dungeon.
You were not hungry.

You visited 1 branch You collected 15 gold pieces.

Inventory:

Hand Weapons
 a - a +2 dagger (weapon)
 b - a +0 blowgun
Missiles
 e - 8 poisoned needles
 f - 2 curare-tipped needles
Armour
 c - a +0 robe (worn)
 d - a +0 cloak (worn)
Scrolls
 m - a scroll of blinking
 p - a scroll of torment {unknown}
 q - a scroll of random uselessness {unknown}
 r - a scroll of magic mapping {unknown}
 t - a scroll of holy word {unknown}
 u - a scroll of identify {unknown}
 v - a scroll of fear {unknown}
Potions
 h - a potion of curing
 i - a potion of heal wounds
 j - 2 potions of haste
 k - 2 potions of magic
 n - a potion of agility {unknown}
 o - 2 potions of mutation
 s - 2 potions of flight {unknown}
 w - a potion of might {unknown}
Comestibles
 g - 3 rations


   Skills:
 - Level 1.5 Fighting
 + Level 3.3 Short Blades
 - Level 2.0 Throwing
 - Level 1.5 Dodging
 * Level 13.9 Stealth


You had 3 spell levels left.
You didn't know any spells.
Your spell library was empty.

Dungeon Overview and Level Annotations

Branches:
Dungeon (1/1)

Altars:


Innate Abilities, Weirdness & Mutations

You are very small and have problems with some larger weapons.
You are too small for most types of armour.
You have supernaturally acute eyesight. (SInv)
You are a herbivore.
You cover ground extremely quickly.
You need to consume almost no food.
You are partially covered in rugged brown scales. (AC +1, +3% HP)
Your flesh is heat resistant. (rF+)


Message History

s - 2 blue potions (gained 1)
You now have 15 gold pieces (gained 11).
It was a potion of mutation.
You feel extremely strange.
You feel resistant to heat.
Rugged brown scales grow over part of your body.
There is an open door here.
You see here a human corpse.
You open the door.
A water elemental comes into view.
There is an open door to the Ecumenical Temple here.
The water elemental hits you!
Ouch! That really hurt!
You hit the water elemental.
The water elemental is lightly damaged.
The water elemental completely misses you.
A red film seems to cover your vision as you go berserk!
You feel yourself moving faster!
You feel mighty! The water elemental hits you!!
Ouch! That really hurt!
You die...

▓▓▓▓▓▓ ▓▓▓ .#...####
##.# .#......#####..#
##.......#..#..#
.##.##..[#..#..###+#+###
.##.###..##'#..#........
####.##..###.†.'@E......
##..##..####...#...#####
....##..###....#.⌠.#
#†.##†..##.....#...#
..##....#......#+###
.###..##.#.....# .#
#..#####....# ▓▓ ▓▓▓▓
▓▓▓▓▓▓


You could see a water elemental.

Vanquished Creatures
  A scorpion (D)
  Jessica (D)
  A human (D)
  An ooze (D)
  2 rats (D)
6 creatures vanquished.

Notes
Turn   | Place    | Note
-------+----------+-------------------------------------------
     0 | D        | diana the Spriggan Assassin began the quest for the Orb.
     0 | D        | Reached XP level 1. HP: 10/10 MP: 2/2
     9 | D        | Reached skill level 7 in Stealth
    12 | D        | Reached skill level 8 in Stealth
    26 | D        | Noticed Jessica
    30 | D        | Killed Jessica
    30 | D        | Reached skill level 10 in Stealth
    30 | D        | Reached XP level 2. HP: 14/14 MP: 3/3
    30 | D        | Reached XP level 3. HP: 18/18 MP: 4/4
    60 | D        | Noticed a scorpion
    63 | D        | Killed a scorpion
    63 | D        | Reached skill level 13 in Stealth
    63 | D        | Reached XP level 4. HP: 22/22 MP: 5/5
    80 | D        | Gained mutation: Your flesh is heat resistant. (rF+)
                  | [potion of mutation]
    80 | D        | Gained mutation: You are partially covered in rugged brown
                  | scales. (AC +1, +3% HP) [potion of mutation]
    85 | D        | Noticed a water elemental
    89 | D        | Mangled by a water elemental

Skill      XL: |  1  2  3 |
---------------+----------+-----
Stealth        | 10 13 | 13.9
Short Blades   | 3 |  3.3
Fighting       | |  1.5
Throwing       | |  2.0
Dodging        | |  1.5

Action                   |  1- 3 |  4- 6 || total
-------------------------+-------+-------++-------
Melee: Dagger            |     7 |     2 ||     9
  Use: Potion            |       |     2 ||     2
 Stab: Sleeping          |     4 |     1 ||     5
Armor: Robe              |     1 |       ||     1
Dodge: Dodged            |     1 |     1 ||     2
